 Dungeon Crawl Stone Soup version 0.27-a0-1525-g1038ab4fd7 (webtiles) character file.

Game seed: 3758342234242896863

684 Wyvernaa the Covert (level 7, -7/42 HPs)
             Began as a Kobold Delver on July 10, 2021.
             Was a Follower of Dithmenos.
             Splashed by a jelly's acid (8 damage)
             ... on level 6 of the Dungeon.
             The game lasted 00:22:07 (6287 turns).

Wyvernaa the Covert (Kobold Delver)                 Turns: 6287, Time: 00:22:07

Health: -7/42      AC: -8    Str:  9    XL:     7   Next: 93%
Magic:  7/7        EV: 15    Int: 11    God:    Dithmenos [*.....]
Gold:   244        SH:  5    Dex: 19    Spells: 6/6 levels left

rFire    . . .     SeeInvis .   e - +3 dagger "Maumeina" {pain, *Corrode Fly rPois}
rCold    . . .     Faith    .   (shield restricted)
rNeg     . . .     Spirit   .   b - +0 leather armour
rPois    +         Reflect  +   (no helmet)
rElec    .         Harm     .   (no cloak)
rCorr    .         Rampage  .   (no gloves)
Will     .....                  (no boots)
Stlth    +++++++...             k - amulet of reflection
HPRegen  0.14/turn              (no ring)
MPRegen  0.10/turn              (no ring)

@: corroded, attractive, flying, wreathed by umbra
A: small, no large weapons, nightstalker 3
a: Renounce Religion


You were on level 6 of the Dungeon.
You worshipped Dithmenos.
Dithmenos was aware of your devotion.
You visited 2 branches of the dungeon, and saw 7 of its levels.
You also visited: Ossuary.

You collected 244 gold pieces.

Inventory:

Hand Weapons
 a - a +2 short sword of venom
 e - the +3 dagger "Maumeina" (weapon) {pain, *Corrode Fly rPois}
   (You found it on level 4 of the Dungeon)

   In the hands of one skilled in necromantic magic, it inflicts extra damage on
   living creatures.
   rPois:     It protects you from poison.
   Fly:       It grants you flight.
   *Corrode:  It may corrode you when you take damage.
 n - a +2 dagger of protection
Armour
 b - a +0 leather armour (worn)
Jewellery
 k - an amulet of reflection (around neck)
 l - an amulet of guardian spirit
 s - a ring of fire
 u - a ring of flight
Wands
 g - a wand of digging (2)
Scrolls
 o - a scroll of magic mapping
 v - a scroll of brand weapon
Potions
 c - a potion of flight
 d - a potion of cancellation
 f - a potion of curing
 i - a potion of ambrosia
 j - a potion of lignification {unknown}
 m - a potion of haste
 q - a potion of magic {unknown}
 t - a potion of berserk rage {unknown}


   Skills:
 + Level 3.7 Fighting
 * Level 6.7 Short Blades
 + Level 1.4 Armour
 + Level 3.1 Dodging
 * Level 10.2 Stealth
 + Level 0.5 Shields


You had 6 spell levels left.
You didn't know any spells.
Your spell library was empty.

Dungeon Overview and Level Annotations

Branches:
Dungeon (6/15)             Temple (1/1) D:4         Ossuary (visited)

Altars:
Ashenzari
Cheibriados
Dithmenos
Elyvilon
Fedhas
Hepliaklqana
Kikubaaqudgha
Makhleb
Nemelex Xobeh
Okawaru
Qazlal
Ru
Sif Muna
Vehumet
Xom
Yredelemnul
Zin
The Shining One


Innate Abilities, Weirdness & Mutations

You are small and have problems with some larger weapons.
You are completely attuned to the shadows.


Message History

Dithmenos accepts your kill.
The helpless dart slug fails to defend itself.
You stick the dart slug like a pincushion!!!!
You kill the dart slug!
Dithmenos accepts your kill.
You start resting.
HP restored.
A jelly comes into view.
The jelly quivers.
The jelly jiggles.
The jelly misses you.
You hit the jelly.
Your hands burn!
The jelly is moderately wounded.
You block the jelly's attack.
You hit the jelly. The acid corrodes you!
Your hands burn!
The jelly is heavily wounded.
You hit the jelly but do no damage.
Your hands burn!
The jelly is heavily wounded.
You block the jelly's attack.
You hit the jelly but do no damage. The acid corrodes you!
Your hands burn!
The jelly is heavily wounded.
The jelly closely misses you.
You hit the jelly.
Your hands burn!
The jelly is heavily wounded.
You hit the jelly but do no damage.
Your hands burn!
The jelly is heavily wounded.
The jelly hits you.
You are splashed with acid.
You feel better. The jelly hits you.
You are splashed with acid!
Okay, then.
You hit the jelly.
Your hands burn!
The jelly is heavily wounded.
The jelly hits you. The acid corrodes you!
You are splashed with acid!
* * * LOW HITPOINT WARNING * * *
Okay, then.
It was a potion of attraction.
You feel attractive to monsters. The jelly hits you.
* * * LOW HITPOINT WARNING * * *
The acid corrodes you!
You are splashed with acid!
You die...

.. ###
#......
##...#.###.#
...........#
...........#.
...........≈≈
#..@...<.#
#.J....#≈≈≈≈
#.#...≈≈≈≈#.
#...#.≈≈≈≈≈.
#...#≈≈≈≈≈≈≈
#. ≈≈≈≈≈≈≈
≈≈≈≈≈≈


You could see a jelly.

Vanquished Creatures
  An ice beast (D:5)
  A black bear (D:4)
  A scorpion (D:4)
  A centaur zombie (Ossuary)
  A human zombie (Ossuary)
  3 hounds
  A jelly (D:4)
  Jessica (D:2)
  A bullfrog skeleton (D:5)
  A hound skeleton (D:4)
  A mummy (Ossuary)
  8 adders
  3 adder zombies (Ossuary)
  A worm (D:2)
  6 dart slugs
  3 orcs
  9 ball pythons
  2 endoplasms
  4 giant cockroaches
  12 goblins
  7 hobgoblins
  3 jackals (D:3)
  4 kobolds
  3 quokkas
  2 bats
  A frilled lizard (D:2)
  2 goblin zombies (Ossuary)
  7 hobgoblin zombies (Ossuary)
  A jackal zombie (Ossuary)
  13 kobold zombies (Ossuary)
  7 orc zombies (Ossuary)
  A quokka skeleton (D:4)
  6 rats
118 creatures vanquished.

Vanquished Creatures (others)
  4 toadstools (D:1)
4 creatures vanquished.

Grand Total: 122 creatures vanquished

Notes
Turn   | Place    | Note
-------+----------+-------------------------------------------
     0 | D:5      | Wyvernaa the Kobold Delver began the quest for the Orb.
     0 | D:5      | Reached XP level 1. HP: 14/14 MP: 1/1
    31 | D:5      | Found a sand-covered staircase.
    37 | Ossuary  | Entered an ossuary
   252 | Ossuary  | Reached skill level 7 in Stealth
   254 | Ossuary  | Reached XP level 2. HP: 19/19 MP: 2/2
   568 | Ossuary  | Reached XP level 3. HP: 6/23 MP: 3/3
   828 | Ossuary  | Reached XP level 4. HP: 28/28 MP: 4/4
  1012 | Ossuary  | Reached XP level 5. HP: 32/32 MP: 5/5
  1296 | D:4      | Reached skill level 5 in Short Blades
  1296 | D:4      | Reached skill level 8 in Stealth
  1497 | D:4      | Reached XP level 6. HP: 31/37 MP: 6/6
  1569 | D:4      | Found a staircase to the Ecumenical Temple.
  1579 | Temple   | Entered the Ecumenical Temple
  1631 | Temple   | Became a worshipper of Dithmenos the Shadowed
  1648 | D:4      | Identified the +3 dagger "Maumeina" {pain, *Corrode Fly
                  | rPois}
  2684 | D:1      | Found a faded altar of an unknown god.
  3553 | D:2      | Reached * piety under Dithmenos
  3616 | D:2      | Noticed Jessica
  3620 | D:2      | Killed Jessica
  3621 | D:2      | Reached skill level 9 in Stealth
  3638 | D:2      | Found a white marble altar of Elyvilon.
  3707 | D:2      | You are sucked into a shaft and drop 2 floors!
  3963 | D:4      | Noticed a black bear
  3967 | D:4      | Killed a black bear
  3968 | D:4      | Reached skill level 1 in Armour
  3968 | D:4      | Reached XP level 7. HP: 41/41 MP: 7/7
  3991 | D:4      | Found a burning altar of Makhleb.
  3994 | D:4      | Noticed a green death
  6040 | D:5      | Reached skill level 10 in Stealth
  6287 | D:6      | HP: 1/42 [jelly (3)]
  6287 | D:6      | Splashed by a jelly's acid

Illustrated notes

Levels and vault maps discovered:
D:1:      ldierk_walled_garden_2, layout_basic, ebering_ecumenical_altar_box
D:2:      layout_loops_ring, basic_altar, minivault_26, serial_bayou_lagoon_a,
          minmay_pentomino_p2, uniq_jessica
D:3:      layout_loops_ring
D:4:      layout_loops_ring, makhleb_altar_promises_db,
          minmay_temple_entry_mini_moons, minmay_snake_closets
D:5:      layout_cave_pools, chequers_ossuary_entry_cave
D:6:      kennysheep_slugbush, layout_loops_cross, uniq_sigmund
Temple:   grunt_wide_crystal_templ

Skill      XL: |  1  2  3  4  5  6  7 |
---------------+----------------------+-----
Stealth        | 7 8 9 10 | 10.2
Short Blades   | 3 4 5 6 |  6.7
Armour         | 1 |  1.4
Dodging        | 3 |  3.1
Fighting       | |  3.7
Shields        | |  0.5

Action                   |  1- 3 |  4- 6 |  7- 9 || total
-------------------------+-------+-------+-------++-------
Melee: Short sword       |   116 |    68 |       ||   184
       Dagger            |       |   130 |   112 ||   242
Evoke: Wand              |       |     1 |       ||     1
  Use: Scroll            |     2 |     6 |     7 ||    15
       Potion            |       |     6 |     3 ||     9
 Stab: Sleeping          |    10 |    31 |    16 ||    57
       Distracted        |       |       |     1 ||     1
Armor: Leather armour    |    18 |    17 |     3 ||    38
Dodge: Dodged            |    47 |    77 |    39 ||   163
Block: Other             |       |    10 |    12 ||    22

Table legend: (Time is in decaauts)
 A = Elapsed time spent in this place.
 B = Non-inter-level travel time spent in this place.
 C = Inter-level travel time spent in this place.
 D = Time resting spent in this place.
 E = Time spent auto-exploring this place.
 F = Levels seen in this place.
 G = Mean time per level.
                   A        B        C        D        E       F      G
               +--------+--------+--------+--------+--------+-----+--------+
         Total |   6181 |   6097 |     84 |   1677 |   2446 |   8 |  772.6 |
       Dungeon |   5124 |   5040 |     84 |   1277 |   2405 |   6 |  854.0 |
        Temple |     61 |     61 |      0 |      0 |     41 |   1 |   61.0 |
       Ossuary |    995 |    995 |      0 |    400 |      0 |   1 |  995.0 |
               +--------+--------+--------+--------+--------+-----+--------+

Top non-repeatable levels by time:
     D:4: 1906 daAuts
 Ossuary: 995 daAuts
     D:1: 949 daAuts
     D:2: 864 daAuts
     D:3: 846 daAuts
     D:5: 464 daAuts
     D:6: 92 daAuts
  Temple: 61 daAuts
